 Dungeon Crawl Stone Soup version 0.29.0-4-gdea44cf6ec (webtiles) character file.

Game seed: 5486478500939770805

289 qw the Chopper (level 6, -7/35 HPs)
             Began as a Tengu Warper on Aug 28, 2022.
             Mangled by Pikel
             ... wielding a +1 whip of flaming
              (9 damage)
             ... on level 4 of the Dungeon.
             The game lasted 00:00:22 (3759 turns).

qw the Chopper (Tengu Warper)                       Turns: 3759, Time: 00:00:22

Health: -7/35      AC:  8    Str: 19    XL:     6   Next: 31%
Magic:  10/10      EV: 13    Int: 19    God:
Gold:   152        SH:  0    Dex: 13    Spells: 9/9 levels left

rFire   . . .      SeeInvis .   Y - +0 hand axe
rCold   . . .      Faith    .   (no shield)
rNeg    . . .      Spirit   .   a - +0 chain mail
rPois   .          Reflect  .   (helmet restricted)
rElec   +          Harm     .   (no cloak)
rCorr   .          Rampage  .   (no gloves)
Will    .....                   (boots unavailable)
Stlth   ..........              (no amulet)
HPRegen 0.11/turn               e - +4 ring of evasion
MPRegen 0.12/turn               h - ring of Dirrut {rElec Str+5 Int+6}

@: flying quickly and evasively, quick
A: beak, talons 3, nimble flight
a: no special abilities


You were on level 4 of the Dungeon.
You visited 1 branch of the dungeon, and saw 4 of its levels.

You collected 152 gold pieces.


Innate Abilities, Weirdness & Mutations

You have a beak for a mouth.
You have claws for feet.
Your magical nature lets you fly swiftly and evasively.


   Skills:
 - Level 2.0 Fighting
 + Level 6.8 Axes
 - Level 1.0 Throwing
 - Level 2.0 Armour
 - Level 2.1 Dodging
 - Level 2.0 Spellcasting
 - Level 2.4 Translocations


You had 9 spell levels left.
You didn't know any spells.
Your spell library contained the following spells:

 Spells                   Type           Power      Damage    Failure   Level
 Blink                    Tloc           22%        N/A       77%         2
 Gell's Gravitas          Tloc           11%        N/A       94%         3
 Lesser Beckoning         Tloc           11%        N/A       94%         3
 Teleport Other           Tloc           11%        N/A       94%         3
 Manifold Assault         Tloc           11%        N/A       100%        5

Inventory:

Hand Weapons
 f - a +0 flail
 Y - a +0 hand axe (weapon)
Missiles
 d - 4 boomerangs (quivered)
Armour
 a - a +0 chain mail (worn)
Jewellery
 e - a +4 ring of evasion (left hand)
 h - the ring of Dirrut (right hand) {rElec Str+5 Int+6}
   (You found it on level 2 of the Dungeon)

   [ring of intelligence]

   Str:       It affects your strength (+5).
   Int:       It affects your intelligence (+6).
   rElec:     It insulates you from electricity.
 i - a ring of protection from fire
Scrolls
 j - a scroll of identify
Potions
 l - a potion of might {unknown}
 n - a potion of haste {unknown}
 o - a potion of ambrosia {unknown}

Dungeon Overview and Level Annotations

Branches:
Dungeon (4/15)
 Temple: D:4-7

Altars:
Ru
The Shining One

Annotations:
D:4 Pikel


Message History

You miss the lemure. You claw the lemure, but do no damage.
Your peck misses the lemure.
The lemure is lightly wounded.
You hit Pikel but do no damage. You peck Pikel.
Pikel is lightly wounded.
You hit Pikel but do no damage. You claw Pikel!
Pikel is moderately wounded.
Pikel barely misses you.
You hit Pikel but do no damage. You claw Pikel. You peck Pikel.
Pikel is heavily wounded.
You slash Pikel! Your kick misses Pikel. You peck Pikel.
Pikel is severely wounded.
Pikel barely misses you.
You closely miss Pikel. You claw Pikel, but do no damage.
Pikel is severely wounded.
Pikel closely misses you.
You completely miss Pikel. Your kick misses Pikel. You peck Pikel.
Pikel is almost dead.
Pikel hits you with a +1 whip of flaming.
Pikel burns you.
You hit Pikel but do no damage.
Pikel is almost dead.
Pikel hits you with a +1 whip of flaming!
Pikel burns you.
You closely miss Pikel. You claw Pikel, but do no damage.
Your peck misses Pikel. You punch Pikel.
Pikel is almost dead.
Pikel hits you with a +1 whip of flaming!
Pikel burns you.
You completely miss Pikel.
Pikel is almost dead.
Pikel hits you but does no damage.
You hit Pikel but do no damage. You claw Pikel, but do no damage.
Pikel is almost dead.
Pikel hits you with a +1 whip of flaming!
Pikel burns you.
You completely miss Pikel.
Pikel is almost dead.
Pikel hits you with a +1 whip of flaming!
You die... ... ....... ######### ..##....5 #.......# ......r #.#####.# ..5.. #....<#.# lr5

########.# #5#
.........# #5#
.....%#### #K#
......# #@#
.....%# #.#
......# #.#
......# #.#
......# #######.#
......# #....##.#
......# ##.##.##.#
......###..##.##.#
...........##.##.#


You could see Pikel, 4 lemures, an iguana and a quokka.

Vanquished Creatures
  Menkaure (D:4)
  A hound (D:4)
  An orc priest (D:3)
  3 gnolls (D:3)
  An adder (D:4)
  2 worms (D:2)
  A dart slug (D:4)
  3 orcs (D:3)
  3 ball pythons
  4 bats (D:1)
  6 endoplasms
  2 giant cockroaches
  3 goblins (D:1)
  2 hobgoblins (D:1)
  4 jackals (D:2)
  7 quokkas
  4 frilled lizards
  7 kobolds
  3 rats
58 creatures vanquished.

Vanquished Creatures (others)
  4 fungi
  A plant (D:4)
5 creatures vanquished.

Grand Total: 63 creatures vanquished

Notes
Turn   | Place    | Note
-------+----------+-------------------------------------------
     0 | D:1      | qw the Tengu Warper began the quest for the Orb.
     0 | D:1      | Reached XP level 1. HP: 12/12 MP: 4/4
     0 | D:1      | 0 ||| qw: Version: 0.1-a-89-g26bdef1
     0 | D:1      | 0 ||| qw: Game counter: 2151
     0 | D:1      | 0 ||| qw: Always use a shield: true
     0 | D:1      | 0 ||| qw: God list: Okawaru
     0 | D:1      | 0 ||| qw: Allow faded altars: false
     0 | D:1      | 0 ||| qw: Do Orc after D:15 true
     0 | D:1      | 0 ||| qw: Do second Lair branch before Depths: true
     0 | D:1      | 0 ||| qw: Lair rune preference: random
     0 | D:1      | 0 ||| qw: Plans: Normal
     0 | D:1      | 0 ||| PLANNING D:1-11
   114 | D:1      | 114 ||| Stepping ~*~*~tactically~*~*~ (stealth).
   115 | D:1      | 115 ||| Stepping ~*~*~tactically~*~*~ (stealth).
   117 | D:1      | 117 ||| Stepping ~*~*~tactically~*~*~ (stealth).
   127 | D:1      | Reached XP level 2. HP: 11/17 MP: 6/6
   131 | D:1      | Reached skill level 3 in Axes
   134 | D:1      | 134 ||| Stepping ~*~*~tactically~*~*~ (stealth).
   167 | D:1      | 167 ||| Stepping ~*~*~tactically~*~*~ (stealth).
   172 | D:1      | 172 ||| Stepping ~*~*~tactically~*~*~ (stealth).
   173 | D:1      | 173 ||| Stepping ~*~*~tactically~*~*~ (stealth).
   177 | D:1      | 177 ||| Stepping ~*~*~tactically~*~*~ (stealth).
   178 | D:1      | 178 ||| Stepping ~*~*~tactically~*~*~ (stealth).
   795 | D:1      | Reached XP level 3. HP: 21/21 MP: 7/7
   823 | D:1      | Found a faded altar of an unknown god.
   953 | D:1      | Reached skill level 4 in Axes
  1186 | D:1      | 1186 ||| READING scroll labelled RUNAPR EROOJU.
  1187 | D:1      | 1187 ||| READING scroll labelled UVOIXULOUPS.
  1188 | D:1      | 1188 ||| DROPPING scroll of blinking.
  1506 | D:2      | 1506 ||| FLEEEEING.
  1507 | D:2      | 1507 ||| FLEEEEING.
  1508 | D:2      | 1508 ||| FLEEEEING.
  1509 | D:2      | 1509 ||| FLEEEEING.
  1510 | D:2      | 1510 ||| FLEEEEING.
  1511 | D:2      | 1511 ||| FLEEEEING.
  1512 | D:2      | 1512 ||| FLEEEEING.
  1513 | D:2      | 1513 ||| FLEEEEING.
  1514 | D:2      | 1514 ||| FLEEEEING.
  1520 | D:2      | 1520 ||| FLEEEEING.
  1521 | D:2      | 1521 ||| FLEEEEING.
  1522 | D:2      | 1522 ||| FLEEEEING.
  1537 | D:2      | 1537 ||| FLEEEEING.
  1538 | D:2      | 1538 ||| FLEEEEING.
  1540 | D:2      | 1540 ||| FLEEEEING.
  1541 | D:2      | 1541 ||| FLEEEEING.
  1544 | D:2      | 1544 ||| FLEEEEING.
  1545 | D:2      | 1545 ||| FLEEEEING.
  1546 | D:2      | 1546 ||| FLEEEEING.
  1547 | D:2      | 1547 ||| FLEEEEING.
  1590 | D:2      | 1590 ||| Stepping ~*~*~tactically~*~*~ (stealth).
  1861 | D:2      | Identified the ring of Dirrut {rElec Str+5 Int+6}
  1911 | D:2      | 1911 ||| Stepping ~*~*~tactically~*~*~ (stealth).
  2030 | D:2      | 2030 ||| UPGRADING to +4 ring of evasion.
  2031 | D:2      | 2031 ||| UPGRADING to ring of Dirrut {rElec Str+5 Int+6}.
  2032 | D:2      | 2032 ||| READING scroll labelled NOSITA WABU.
  2102 | D:2      | 2102 ||| Stepping ~*~*~tactically~*~*~ (stealth).
  2103 | D:2      | 2103 ||| READING scroll labelled ISUYHUPTEMUCK.
  2104 | D:2      | 2104 ||| READING 2 scrolls of identify.
  2104 | D:2      | 2104 ||| IDENTIFYING lumpy coppery potion
  2105 | D:2      | 2105 ||| DROPPING potion of flight.
  2106 | D:2      | 2106 ||| Stepping randomly (stuck).
  2107 | D:2      | 2107 ||| Stepping ~*~*~tactically~*~*~ (cloud).
  2113 | D:2      | HP: 5/21 [poisoned by you (poison gas)]
  2121 | D:2      | 2121 ||| Stepping ~*~*~tactically~*~*~ (stealth).
  2136 | D:2      | 2136 ||| Stepping ~*~*~tactically~*~*~ (stealth).
  2140 | D:2      | 2140 ||| Stepping ~*~*~tactically~*~*~ (stealth).
  2169 | D:2      | 2169 ||| Stepping ~*~*~tactically~*~*~ (stealth).
  2170 | D:2      | 2170 ||| Stepping ~*~*~tactically~*~*~ (stealth).
  2171 | D:2      | 2171 ||| Stepping ~*~*~tactically~*~*~ (stealth).
  2172 | D:2      | 2172 ||| Stepping ~*~*~tactically~*~*~ (stealth).
  2186 | D:2      | Reached XP level 4. HP: 11/26 MP: 8/8
  2435 | D:3      | Found a glowing golden altar of the Shining One.
  2609 | D:3      | Reached skill level 5 in Axes
  2806 | D:3      | 2806 ||| Stepping ~*~*~tactically~*~*~ (hiding).
  2815 | D:3      | Gained mutation: Your magical nature lets you fly swiftly
                  | and evasively. [Tengu growth]
  2815 | D:3      | Reached XP level 5. HP: 21/30 MP: 9/9
  2816 | D:3      | 2816 ||| Stepping ~*~*~tactically~*~*~ (stealth).
  2847 | D:3      | 2847 ||| Stepping ~*~*~tactically~*~*~ (stealth).
  2908 | D:3      | 2908 ||| Stepping ~*~*~tactically~*~*~ (stealth).
  2910 | D:3      | 2910 ||| Stepping ~*~*~tactically~*~*~ (hiding).
  2912 | D:3      | 2912 ||| Stepping ~*~*~tactically~*~*~ (hiding).
  2914 | D:3      | 2914 ||| Stepping ~*~*~tactically~*~*~ (hiding).
  3519 | D:3      | 3519 ||| UPGRADING to +0 chain mail.
  3529 | D:3      | 3529 ||| DROPPING +0 leather armour.
  3530 | D:3      | 3530 ||| READING scroll labelled XOUSKE ERYR.
  3533 | D:3      | 3533 ||| READING scroll labelled APYJEU LIGAO.
  3534 | D:3      | 3534 ||| READING scroll labelled UFOPSI FATUX.
  3535 | D:3      | 3535 ||| READING 2 scrolls of identify.
  3535 | D:3      | 3535 ||| IDENTIFYING red potion
  3536 | D:3      | 3536 ||| DROPPING potion of magic.
  3574 | D:4      | Noticed Menkaure
  3580 | D:4      | Killed Menkaure
  3581 | D:4      | Reached skill level 6 in Axes
  3581 | D:4      | Reached XP level 6. HP: 35/35 MP: 10/10
  3582 | D:4      | 3582 ||| Stepping ~*~*~tactically~*~*~ (stealth).
  3701 | D:4      | Found a sacrificial altar of Ru.
  3742 | D:4      | Noticed Pikel
  3743 | D:4      | 3743 ||| Stepping ~*~*~tactically~*~*~ (stealth).
  3744 | D:4      | 3744 ||| Stepping ~*~*~tactically~*~*~ (stealth).
  3758 | D:4      | HP: 3/35 [Pikel/+1 whip of flaming (7)]
  3759 | D:4      | Mangled by Pikel

Levels and vault maps discovered:
D:1:      dpeg_arrival_stone_temple_mockup, layout_loops_cross,
          shapermc_ecumenical_altar_hornbeckon, chequers_garden, st_stairs_11
D:2:      layout_basic, lemuel_another_geyser
D:3:      layout_basic, tso_altar
D:4:      layout_basic, mainiacjoe_overflow_boulevard,
          mainiacjoe_overflow_catwalk, minmay_temple_entry_grid,
          kennysheep_nondescript, nicolae_shop_gadgets, uniq_menkaure,
          uniq_pikel

Skill      XL: |  1  2  3  4  5  6 |
---------------+-------------------+-----
Axes           | 3 4 5 6 |  6.8
Armour         | 2 |  2.0
Fighting       | |  2.0
Throwing       | |  1.0
Dodging        | |  2.1
Spellcasting   | |  2.0
Translocations | |  2.4

Action                   |  1- 3 |  4- 6 || total
-------------------------+-------+-------++-------
Melee: Hand axe          |   116 |    55 ||   171
       Kick              |    24 |    20 ||    44
       Peck              |    11 |    10 ||    21
       Punch             |     1 |     3 ||     4
Throw: Boomerang         |    19 |     9 ||    28
  Use: Scroll            |     5 |     4 ||     9
Armor: Leather armour    |    27 |       ||    27
       Chain mail        |       |     5 ||     5
Dodge: Dodged            |    64 |    30 ||    94

Table legend:
 A = Non-vault XP
 B = Vault XP
 C = Vault XP percentage of total XP
 D = Non-vault monster count
 E = Vault monster count
 F = Vault count percentage of total count
                 A         B        C        D         E       F
            +---------+---------+-------+---------+---------+-------
      Total |     236 |     178 |  43.0 |      53 |       5 |   8.6
            +---------+---------+-------+---------+---------+-------
        D:1 |      42 |       6 |  12.5 |      23 |       4 |  14.8
        D:2 |      34 |       0 |   0.0 |      17 |       0 |   0.0
        D:3 |      96 |       0 |   0.0 |       9 |       0 |   0.0
        D:4 |      64 |     172 |  72.9 |       4 |       1 |  20.0
            +---------+---------+-------+---------+---------+-------
